 Dungeon Crawl Stone Soup version 0.30-a0-359-gd0147acb1a (webtiles) character file.

Game seed: 15450876719763021363

48 arthad the Insei (level 3, -3/28 HPs)
             Began as a Gnoll Transmuter on Nov 12, 2022.
             Slain by a goblin
             ... wielding the +8 whip "Goblinslayer" {chaos, Dex+2}
              (9 damage)
             ... on level 2 of the Dungeon.
             The game lasted 00:03:29 (1051 turns).

arthad the Insei (Gnoll Transmuter)                 Turns: 1051, Time: 00:03:30

Health: -3/28      AC:  2    Str:  9    XL:     3   Next: 72%
Magic:  6/9        EV: 22    Int: 20    God:
Gold:   41         SH:  0    Dex: 17    Spells: 6/12 levels left

rFire   . . .      SeeInvis .      - Unarmed
rCold   . . .      Faith    .    (shield currently unavailable)
rNeg    . . .      Spirit   .    (body armour currently unavailable)
rPois   x          Reflect  .    (helmet currently unavailable)
rElec   .          Harm     .    (cloak currently unavailable)
rCorr   .          Rampage  .    (gloves currently unavailable)
Will    .....                    (boots currently unavailable)
Stlth   ++........               (no amulet)
HPRegen 0.24/turn                i - +6 ring of intelligence
MPRegen 0.11/turn                (no ring)

@: spider-form
A: venomous fangs, tiny, (fangs 1), strong nose, distributed training
a: End Transformation


You were on level 2 of the Dungeon.
You were a venomous arachnid creature.
You visited 1 branch of the dungeon, and saw 2 of its levels.

You collected 41 gold pieces.

Inventory:

Armour
 a - a +0 robe (melded)
 e - a +0 ring mail
 f - a +0 pair of gloves (melded)
Jewellery
 i - a +6 ring of intelligence (left front leg)
Scrolls
 c - a scroll of magic mapping {unknown}
 j - a scroll of enchant armour {unknown}
Potions
 b - a potion of lignification
 g - a potion of mutation {unknown}
 h - a potion of attraction {unknown}


   Skills:
 + Level 2.6 Fighting
 + Level 1.0 Short Blades
 + Level 1.0 Long Blades
 + Level 1.0 Axes
 + Level 1.0 Maces & Flails
 + Level 1.0 Polearms
 + Level 1.0 Staves
 + Level 1.0 Ranged Weapons
 + Level 1.0 Throwing
 + Level 1.0 Armour
 + Level 4.6 Dodging
 + Level 1.0 Stealth
 + Level 1.0 Shields
 + Level 6.5 Unarmed Combat
 + Level 5.0 Spellcasting
 + Level 0.7 Conjurations
 + Level 0.7 Hexes
 + Level 0.7 Summonings
 + Level 0.7 Necromancy
 + Level 0.7 Translocations
 + Level 3.8 Transmutations
 + Level 0.7 Fire Magic
 + Level 0.7 Ice Magic
 + Level 0.7 Air Magic
 + Level 0.7 Earth Magic
 + Level 0.7 Poison Magic
 + Level 1.0 Invocations
 + Level 1.0 Evocations


You had 6 spell levels left.
You knew the following spells:

 Your Spells              Type           Power      Damage    Failure   Level
a - Beastly Appendage     Tmut           40%        N/A       10%         1
b - Wereblood             Tmut           20%        N/A       12%         2
c - Spider Form           Tmut/Pois      14%        N/A       32%         3

Your spell library contained the following spells:

 Spells                   Type           Power      Damage    Failure   Level
 Call Canine Familiar     Summ           7%         N/A       47%         3
 Portal Projectile        Hex/Tloc       14%        N/A       47%         3
 Ice Form                 Ice/Tmut       14%        N/A       63%         4
 Leda's Liquefaction      Hex/Erth       3%         N/A       83%         4


Dungeon Overview and Level Annotations

Branches:
Dungeon (2/15)

Altars:


Innate Abilities, Weirdness & Mutations

You are a venomous arachnid creature.
You have poisonous fangs.
You are tiny and dextrous.
Your spellcasting is less reliable in this form.
Your armour is entirely melded.
You are incapable of wielding weapons or throwing items.
((You have very sharp teeth.))
Your uncanny sense of smell can sniff out nearby items.
Your experience applies equally to all skills.


Message History

Press: ? - help, Q - select action, (/) - cycle Shift-Dir - straight line, f - goblin
Aim: a goblin, wielding the +8 whip "Goblinslayer" {chaos, Dex+2} and wearing a +0 ring mail (wandering, hasn't noticed you, 53% to hit)
You throw a javelin. The javelin barely misses the goblin.
The goblin shouts!
You hear a bark!
Throw: 2 javelins
Press: ? - help, Q - select action, (/) - cycle Shift-Dir - straight line, f/p - goblin
Aim: a goblin, wielding the +8 whip "Goblinslayer" {chaos, Dex+2} and wearing a +0 ring mail (53% to hit)
You throw a javelin.
The javelin pierces through the goblin but does no damage.
You hear a shout!
A jackal comes into view. x2
Throw: javelin
Press: ? - help, Q - select action, (/) - cycle Shift-Dir - straight line, f/p - goblin
Aim: a goblin, wielding the +8 whip "Goblinslayer" {chaos, Dex+2} and wearing a +0 ring mail (53% to hit)
You throw a javelin. The javelin barely misses the goblin.
The javelin closely misses the jackal.
The jackal barks!
The javelin pierces through the jackal.
The jackal is almost dead.
Casting: Beastly Appendage (safe; 2% risk of failure)
Confirm with . or Enter, or press ? or * to list all spells.
The spell is quite dangerous to miscast (14% risk of failure)!
Continue anyway?
You turn into a venomous arachnid creature.
Your +0 pair of gloves melds into your body.
Your +0 robe melds into your body.
You completely miss the goblin. You hit the goblin.
The goblin is poisoned.
The goblin is severely wounded.
The goblin hits you with the +8 whip "Goblinslayer" {chaos, Dex+2}!
The goblin draws strength from your wounds!
The jackal misses you. The jackal closely misses you.
The goblin attacks as you move away!
The goblin hits you with the +8 whip "Goblinslayer" {chaos, Dex+2}!
* * * LOW HITPOINT WARNING * * *
You hit the goblin but do no damage.
The goblin looks as sick as possible!
The goblin is heavily wounded.
The goblin hits you with the +8 whip "Goblinslayer" {chaos, Dex+2}!
You die...

#.# #.#
#.# #
#.# #.#
.
#.###.#
#
#.##..#
#.##.###
#......#
####.#.#
##.....#
#.hs.###
#hg###
#..#
#..# ∆
#..#
#..#
#..#
#..#
#..#


You could see 2 jackals and a goblin (extremely poisoned).

Vanquished Creatures
  2 adders (D:2)
  A worm (D:2)
  3 dart slugs
  2 bats (D:1)
  2 endoplasms (D:1)
  2 goblins
  2 hobgoblins (D:1)
  2 quokkas (D:2)
  A ball python (D:1)
  A frilled lizard (D:2)
  A kobold (D:1)
  2 rats (D:1)
21 creatures vanquished.

Notes
Turn   | Place    | Note
-------+----------+-------------------------------------------
     0 | D:1      | arthad the Gnoll Transmuter began the quest for the Orb.
     0 | D:1      | Reached XP level 1. HP: 17/17 MP: 6/6
   261 | D:1      | Reached XP level 2. HP: 23/23 MP: 7/7
   739 | D:2      | Reached skill level 5 in Spellcasting
   739 | D:2      | Reached XP level 3. HP: 21/28 MP: 7/9
   742 | D:2      | Learned a level 2 spell: Wereblood
   746 | D:2      | Learned a level 3 spell: Spider Form
   791 | D:2      | Reached skill level 1 in Invocations
   977 | D:2      | Reached skill level 1 in Short Blades
   977 | D:2      | Reached skill level 1 in Long Blades
   977 | D:2      | Reached skill level 1 in Axes
   977 | D:2      | Reached skill level 1 in Maces & Flails
   977 | D:2      | Reached skill level 1 in Polearms
   977 | D:2      | Reached skill level 1 in Staves
   977 | D:2      | Reached skill level 1 in Ranged Weapons
   977 | D:2      | Reached skill level 1 in Throwing
   977 | D:2      | Reached skill level 1 in Armour
   977 | D:2      | Reached skill level 1 in Stealth
   977 | D:2      | Reached skill level 1 in Shields
   977 | D:2      | Reached skill level 1 in Evocations
  1042 | D:2      | Identified the +8 whip "Goblinslayer" {chaos, Dex+2}
  1051 | D:2      | Slain by a goblin

Illustrated notes

Levels and vault maps discovered:
D:1:      dpeg_arrival_houses_and_road, layout_loops_ring, minmay_misc_feat_iff
D:2:      layout_loops_ring, serial_shops, shop, basic_altar, minivault_19

Skill      XL: |  1  2  3 |
---------------+----------+-----
Spellcasting   | 5 |  5.0
Invocations    | 1 |  1.0
Short Blades   | 1 |  1.0
Long Blades    | 1 |  1.0
Axes           | 1 |  1.0
Maces & Flails | 1 |  1.0
Polearms       | 1 |  1.0
Staves         | 1 |  1.0
Ranged Weapons | 1 |  1.0
Throwing       | 1 |  1.0
Armour         | 1 |  1.0
Stealth        | 1 |  1.0
Shields        | 1 |  1.0
Evocations     | 1 |  1.0
Fighting       | |  2.6
Dodging        | |  4.6
Unarmed Combat | |  6.5
Conjurations   | |  0.7
Hexes          | |  0.7
Summonings     | |  0.7
Necromancy     | |  0.7
Translocations | |  0.7
Transmutations | |  3.8
Fire Magic     | |  0.7
Ice Magic      | |  0.7
Air Magic      | |  0.7
Earth Magic    | |  0.7
Poison Magic   | |  0.7

Action                   || total
-------------------------++-------
Melee: Unarmed           ||    78
       Kick              ||     6
       Headbutt          ||     6
       Bite              ||     6
       Punch             ||     4
Throw: Javelin           ||     3
 Cast: Beastly Appendage ||     5
       Spider Form       ||     2
 Stab: Sleeping          ||     1
Armor: Robe              ||     7
Dodge: Dodged            ||    47

Table legend: (Time is in decaauts)
 A = Elapsed time spent in this place.
 B = Non-inter-level travel time spent in this place.
 C = Inter-level travel time spent in this place.
 D = Time resting spent in this place.
 E = Time spent auto-exploring this place.
 F = Levels seen in this place.
 G = Mean time per level.
                   A        B        C        D        E       F      G
               +--------+--------+--------+--------+--------+-----+--------+
         Total |   1042 |   1022 |     20 |      2 |    818 |   2 |  521.0 |
       Dungeon |   1042 |   1022 |     20 |      2 |    818 |   2 |  521.0 |
               +--------+--------+--------+--------+--------+-----+--------+

Top non-repeatable levels by time:
     D:1: 719 daAuts
     D:2: 322 daAuts
